 Dungeon Crawl Stone Soup version 0.27-a0-1202-ge72e49191c (webtiles) character file.

Game seed: 7523897113205310088

111 freelancePsychic the Cutter (level 5, -1/58 HPs)
             Began as a Human Wanderer on June 4, 2021.
             Was a Believer of Trog.
             Slain by an orc
             ... wielding a +0 falchion
              (3 damage)
             ... on level 3 of the Dungeon.
             The game lasted 00:03:26 (2407 turns).

freelancePsychic the Cutter (Human Wanderer)        Turns: 2407, Time: 00:03:26

Health: -1/58      AC:  2    Str: 11    XL:     5   Next: 15%
Magic:  5/5        EV: 11    Int: 13    God:    Trog [**....]
Gold:   79         SH:  0    Dex: 14    Spells: 4/4 levels left

rFire    . . .     SeeInvis .   g - +0 dagger (venom)
rCold    . . .     Faith    .   (no shield)
rNeg     . . .     Spirit   .   e - +0 robe
rPois    .         Reflect  .   (no helmet)
rElec    .         Harm     .   (no cloak)
rCorr    .         Rampage  .   (no gloves)
Will     .....                  (no boots)
Stlth    ..........             (no amulet)
HPRegen  0.19/turn              (no ring)
MPRegen  0.09/turn              (no ring)

@: berserking, very quick
A: no striking features
a: Renounce Religion, Berserk, Trog's Hand


You were on level 3 of the Dungeon.
You worshipped Trog.
Trog was pleased with you.
You visited 1 branch of the dungeon, and saw 3 of its levels.

You collected 79 gold pieces.

Inventory:

Hand Weapons
 a - a +2 shortbow
 b - a +0 dagger
 g - a +0 dagger of venom (weapon)
Missiles
 f - 20 arrows
 k - 3 curare-tipped darts (quivered)
Armour
 e - a +0 robe (worn)
Jewellery
 l - a +6 ring of intelligence
Scrolls
 d - a scroll of identify {unknown}
 h - a scroll of blinking {unknown}
 i - a scroll of fog {unknown}
Potions
 c - 2 potions of lignification
 j - a potion of mutation {unknown}
 m - a potion of attraction {unknown}
 n - a potion of cancellation {unknown}


   Skills:
 - Level 2.5 Fighting
 + Level 3.9 Short Blades
 - Level 3.4 Bows
 - Level 1.0 Armour
 - Level 3.0 Stealth


You had 4 spell levels left.
You didn't know any spells.
Your spell library was empty.

Dungeon Overview and Level Annotations

Branches:
Dungeon (3/15)

Altars:
Trog


Message History

You closely miss the jackal. The jackal barely misses you.
You hit the jackal.
The jackal is poisoned.
The jackal is severely wounded.
The jackal bites you but does no damage.
You closely miss the jackal.
The jackal is severely wounded.
You barely miss the jackal.
The jackal is severely wounded.
The jackal misses you. The hobgoblin hits you.
* * * LOW HITPOINT WARNING * * *
You barely miss the jackal.
The jackal is severely wounded.
The jackal barely misses you.
You hit the hobgoblin.
The hobgoblin is almost dead.
The hobgoblin barely misses you.
You barely miss the hobgoblin.
The hobgoblin is almost dead.
The jackal closely misses you.
You hit the hobgoblin.
You kill the hobgoblin!
Trog accepts your kill.
The jackal bites you but does no damage.
You miss the jackal.
The jackal is severely wounded.
The jackal barely misses you.
A rat comes into view.
You puncture the endoplasm!
You kill the endoplasm!
Trog accepts your kill. The jackal bites you.
* * * LOW HITPOINT WARNING * * *
You puncture the jackal!
You kill the jackal!
Trog accepts your kill.
You puncture the orc!
You kill the orc!
Trog accepts your kill.
You barely miss the orc. The orc hits you with a +0 falchion.
You die...

............#
............#
...g........# .
....g...<...##..#
.......<........#
.......o.J........
.g....g(.o..###.##
..##.#g#######.# #
#..go@......#
#...........#
#############


You could see 3 gnolls and an orc.

Vanquished Creatures
  An orc wizard (D:3)
  2 adders (D:2)
  2 orcs (D:3)
  4 ball pythons (D:1)
  6 endoplasms
  4 giant cockroaches (D:1)
  A goblin (D:1)
  10 hobgoblins
  11 jackals
  6 kobolds (D:1)
  A quokka (D:2)
  3 bats
  4 frilled lizards
  3 rats
58 creatures vanquished.

Notes
Turn   | Place    | Note
-------+----------+-------------------------------------------
     0 | D:1      | freelancePsychic the Human Wanderer began the quest for the
                  | Orb.
     0 | D:1      | freelancePsychic set off with the following items: a +2
                  | shortbow, 22 arrows, a potion of lignification, a +0 short
                  | sword, a +0 robe, a +0 dagger
     0 | D:1      | Reached XP level 1. HP: 16/16 MP: 1/1
    56 | D:1      | Reached XP level 2. HP: 5/23 MP: 2/2
   618 | D:1      | Reached XP level 3. HP: 19/28 MP: 3/3
  1170 | D:1      | Found a faded altar of an unknown god.
  1281 | D:1      | Became a worshipper of Trog the Wrathful
  1281 | D:1      | Reached * piety under Trog
  1864 | D:2      | Reached XP level 4. HP: 34/34 MP: 4/4
  2393 | D:3      | Reached ** piety under Trog
  2394 | D:3      | Reached XP level 5. HP: 4/39 MP: 5/5
  2398 | D:3      | HP: 2/58 [hobgoblin (4)]
  2404 | D:3      | HP: 2/58 [jackal (1)]
  2407 | D:3      | Slain by an orc

Illustrated notes

Levels and vault maps discovered:
D:1:      dpeg_arrival_tiny_h, layout_rooms,
          shapermc_ecumenical_altar_mp_vishouse, minmay_misc_feat_ornament,
          bh_walls_and_bars
D:2:      layout_rooms, serial_aquarium, aquarium_bridge_square
          [aquarium_subvault_window, aquarium_subvault_wall,
          aquarium_subvault_wall, aquarium_subvault_bridge],
          aquarium_window_fake, aquarium_window_fake, aquarium_view_2c,
          aquarium_balcony_double_1, aquarium_pool_five
D:3:      cheibrodos_fertilizer, layout_loops_ring, amcnicky_altar_gilded,
          minmay_between

Skill      XL: |  1  2  3  4 |
---------------+-------------+-----
Short Blades   | 2 3 |  3.9
Fighting       | |  2.5
Bows           | |  3.4
Armour         | |  1.0
Stealth        | |  3.0

Action                   |  1- 3 |  4- 6 || total
-------------------------+-------+-------++-------
Melee: Dagger            |    99 |    49 ||   148
 Fire: Shortbow          |    17 |       ||    17
Throw: Dart              |       |     4 ||     4
Invok: Berserk           |     2 |     1 ||     3
 Stab: Sleeping          |     7 |     1 ||     8
Armor: Robe              |    29 |    10 ||    39
Dodge: Dodged            |    66 |    30 ||    96

Table legend: (Time is in decaauts)
 A = Elapsed time spent in this place.
 B = Non-inter-level travel time spent in this place.
 C = Inter-level travel time spent in this place.
 D = Time resting spent in this place.
 E = Time spent auto-exploring this place.
 F = Levels seen in this place.
 G = Mean time per level.
                   A        B        C        D        E       F      G
               +--------+--------+--------+--------+--------+-----+--------+
         Total |   2402 |   2329 |     73 |    257 |   1761 |   3 |  800.7 |
       Dungeon |   2402 |   2329 |     73 |    257 |   1761 |   3 |  800.7 |
               +--------+--------+--------+--------+--------+-----+--------+

Top non-repeatable levels by time:
     D:1: 1698 daAuts
     D:2: 678 daAuts
     D:3: 24 daAuts
